 Dungeon Crawl Stone Soup version 0.23-a0-49-gd9f7a49 (webtiles) character file.

63 Mgcat the Skirmisher (level 3, -1/30 HPs)
             Began as a Demonspawn Berserker on Aug 7, 2018.
             Was a Believer of Trog.
             Slain by a sky beast (6 damage)
             ... on level 2 of the Dungeon.
             The game lasted 00:02:09 (1139 turns).

Mgcat the Skirmisher (Demonspawn Berserker)         Turns: 1139, Time: 00:02:10

Health: -1/30      AC:  2    Str: 18    XL:     3   Next: 87%
Magic:  3/3        EV: 16    Int:  8    God:    Trog [**....]
Gold:   48         SH:  0    Dex: 12    Spells: 2/2 levels left

rFire    . . .     SeeInvis .   a - +0 hand axe
rCold    . . .     Gourm    .   (no shield)
rNeg     . . .     Faith    .   b - +0 animal skin
rPois    .         Spirit   .   (no helmet)
rElec    .         Reflect  .   (no cloak)
rCorr    .         Harm     .   (no gloves)
MR       .....                  (no boots)
Stlth    +.........             (no amulet)
HPRegen  0.10/turn              e - +4 ring of evasion
MPRegen  0.08/turn              (no ring)

@: berserk cooldown, slowed, very slow
A: talons 1, powered by death 1
a: Berserk, Trog's Hand, Renounce Religion


You were on level 2 of the Dungeon.
You worshipped Trog.
Trog was pleased with you.
You were very hungry.

You visited 1 branch of the dungeon, and saw 2 of its levels.

You collected 48 gold pieces.

Inventory:

Hand Weapons
 a - a +0 hand axe (weapon)
Armour
 b - a +0 animal skin (worn)
Jewellery
 e - a +4 ring of evasion (left hand)
   (You found it on level 1 of the Dungeon)
Wands
 j - a wand of disintegration (17)
   (You found it on level 2 of the Dungeon)
Scrolls
 f - a scroll of teleportation {unknown}
 g - a scroll of remove curse {unknown}
Potions
 h - a potion of lignification {unknown}
 i - a potion of curing {unknown}
Comestibles
 c - 5 rations
 d - 2 chunks of flesh {@w0}


   Skills:
 + Level 4.0 Fighting
 + Level 3.6 Axes
 - Level 1.7 Armour
 - Level 1.7 Dodging


You had 2 spell levels left.
You didn't know any spells.
Your spell library was empty.

Dungeon Overview and Level Annotations

Branches:
Dungeon (2/15)

Altars:


Innate Abilities, Weirdness & Mutations

You have sharp toenails.
You regenerate a little health from kills.


Message History

Key pressed, stopping explore.
c - 5 rations (gained 1) Marking area around Terence as unsafe for travelling.
A sky beast and Terence come into view.
Terence shouts!
The sky beast flickers out of sight!
Deactivating autopickup; reactivate with Ctrl-A.
A rat comes into view.
A goblin comes into view.
Terence moves out of view.
The sky beast moves out of view.
Unknown command.
Unknown command.
Unknown command.
Unknown command.
A frilled lizard comes into view.
Your skin crawls.
You feel resistant to hostile enchantments.
You feel somewhat more hungry.
The frilled lizard hisses angrily.
The rat bites you but does no damage.
Terence drinks a potion.
Terence suddenly seems more agile.
A red film seems to cover your vision as you go berserk!
You feel yourself moving faster!
You feel mighty!
You are feeling hungry.
The rat twitches its whiskers.
The rat barely misses you.
You closely miss the rat. You claw the rat.
You kill the rat!
Trog accepts your kill.
You slash Terence! Your kick misses Terence.
Terence is heavily wounded.
You hit Terence. You claw Terence.
Terence is almost dead.
You feel the effects of Trog's Hand fading.
Terence hits you with a flail!
Unknown command.
Unknown command.
You hit Terence but do no damage. You claw Terence.
You kill Terence!
Trog accepts your kill.
Your Fighting skill increases to level 4!
A bat comes into view.
The frilled lizard closely misses you.
Items here: ) [ †† a flail; a chain mail; the human corpse of Terence; a rat corpse You closely miss the frilled lizard.
You closely miss the frilled lizard. The frilled lizard barely misses you.
You miss the frilled lizard. Your kick misses the frilled lizard.
You are feeling very hungry.
The frilled lizard misses you.
You miss the frilled lizard. You claw the frilled lizard.
You kill the frilled lizard!
Trog accepts your kill. The bat hits you. The bat misses you.
You miss the bat. You claw the bat.
You kill the bat!
Trog accepts your kill.
You closely miss something. You claw something.
Your skin stops crawling.
You feel less resistant to hostile enchantments.
Something hits you but does no damage.
Unknown command.
No target in view!
No target in view!
You closely miss something. Your kick misses something. Something hits you.
Something shocks you.
You hit something. You claw something!
No target in view!
No target in view!
No target in view!
You miss something. Your kick misses something.
Something hits you but does no damage.
No target in view!
No target in view!
No target in view!
No target in view!
No target in view!
You miss something. Your kick misses something. Something hits you.
Something shocks you.
You miss something. Your kick misses something.
You are no longer berserk.
You are exhausted.
You feel yourself slow down.
Unknown command.
Unknown command.
Unknown command.
You hit something but do no damage. Your kick misses something.
A sky beast appears from thin air!
Reactivating autopickup.
The sky beast closely misses you. The sky beast hits you.
The sky beast shocks you.
You hit the sky beast but do no damage. You claw the sky beast.
The sky beast is almost dead.
The sky beast flickers out of sight!
Deactivating autopickup; reactivate with Ctrl-A.
Something closely misses you. Something hits you. Something shocks you.
* * * LOW HITPOINT WARNING * * *
You miss something. You claw something. Something hits you.
* * * LOW HITPOINT WARNING * * *
Something shocks you.
You die...

.#..........#
............# 8
#?..........# ## .
#...........####. ##
................ ...
.. #...##...##### ....
#.###...#.......#.....
..##.#....####{......
#.##)#..##...@#
#.##.#(.##...$#
#..#)#........#
#####.#...##.....#
)..##.....###....#
##........>......#
..###..#..###....#
...#...##.# #....#
.....#.##.# ..#


There were no monsters in sight!

Vanquished Creatures
  Terence (D:2)
  A worm (D:2)
  A leopard gecko (D:2)
  A ball python (D:1)
  2 giant cockroaches (D:1)
  3 goblins
  3 hobgoblins
  2 jackals (D:1)
  6 bats
  3 frilled lizards
  5 kobolds
  4 rats
32 creatures vanquished.

Notes
Turn   | Place    | Note
-------+----------+-------------------------------------------
     0 | D:1      | Mgcat the Demonspawn Berserker began the quest for the Orb.
     0 | D:1      | Reached XP level 1. HP: 18/18 MP: 1/1
   314 | D:1      | Reached skill level 3 in Axes
   314 | D:1      | Gained mutation: You have sharp toenails. [demonic ancestry]
   314 | D:1      | Reached XP level 2. HP: 21/24 MP: 2/2
   587 | D:1      | Reached ** piety under Trog
  1012 | D:2      | Gained mutation: You regenerate a little health from kills. [demonic ancestry]
  1012 | D:2      | Reached XP level 3. HP: 16/29 MP: 3/3
  1116 | D:2      | Noticed Terence
  1116 | D:2      | Noticed a sky beast
  1124 | D:2      | Killed Terence
  1124 | D:2      | Reached skill level 4 in Fighting
  1138 | D:2      | HP: 5/30 [something (6)]
  1139 | D:2      | Slain by a sky beast

Vault maps used:
D:1:      ncdulo_wetmaze, minmay_misc_feat_cross
D:2:      gammafunk_temple_overflow_arena, first_ration, uniq_terence,
          uniq_natasha

Skill      XL: |  1  2  3 |
---------------+----------+-----
Axes           | 3 |  3.6
Fighting       | 4 |  4.0
Armour         | |  1.7
Dodging        | |  1.7

Action                   || total
-------------------------++-------
Melee: Hand axe          ||    90
       Kick              ||    17
Invok: Berserk           ||     2
       Trog's Hand       ||     1
  Eat: Chunk             ||     2
Armor: Animal skin       ||    11
Dodge: Dodged            ||    59

Table legend:
 A = Spawn XP
 B = Non-spawn XP
 C = Spawn XP percentage of total XP
 D = Spawn monster count
 E = Non-spawn monster count
 F = Spawn count percentage of total count
 G = Total turns spent on level
                    A         B        C        D         E        F      G
               +---------+---------+-------+---------+---------+-------+---------
         Total |       0 |      90 |   0.0 |       0 |      32 |   0.0 |  1139
               +---------+---------+-------+---------+---------+-------+---------
           D:1 |       0 |      32 |   0.0 |       0 |      20 |   0.0 |   954
           D:2 |       0 |      58 |   0.0 |       0 |      12 |   0.0 |   185
               +---------+---------+-------+---------+---------+-------+---------

Vault maps used:
D:1:      ncdulo_wetmaze, minmay_misc_feat_cross
D:2:      gammafunk_temple_overflow_arena, first_ration, uniq_terence,
          uniq_natasha

Table legend:
 A = Turns spent in this place as a percentage of turns spent in the entire game.
 B = Non-inter-level travel turns spent in this place as a percentage of non-inter-level travel turns spent in the entire game.
 C = Inter-level travel turns spent in this place as a percentage of turns spent in this place.
 D = Turns resting spent in this place as a percentage of non-inter-level travel turns spent in this place.
 E = Turns spent auto-exploring this place as a percentage of non-inter-level travel turns spent in this place.
 F = Non-inter-level travel turns spent in this place divided by the number of levels of this place that you've seen.
                   A       B       C       D       E      F
               +-------+-------+-------+-------+-------+----------------------
         Total | 100.0 | 100.0 |   2.1 |   6.0 |  78.3 | 557.5
       Dungeon | 100.0 | 100.0 |   2.1 |   6.0 |  78.3 | 557.5
               +-------+-------+-------+-------+-------+----------------------

Table legend:
 A = Kills in this place as a percentage of kills in entire the game.
 B = Kills by you in this place as a percentage of kills by you in the entire game.
 C = Kills by friends in this place as a percentage of kills by friends in the entire game.
 D = Other kills in this place as a percentage of other kills in the entire game.
 E = Experience gained in this place as a percentage of experience gained in the entire game.
 F = Experience gained in this place divided by the number of levels of this place that you have seen.
                   A       B       C       D       E      F
               +-------+-------+-------+-------+-------+----------------------
         Total | 100.0 | 100.0 |   N/A |   N/A | 100.0 |  45.0
       Dungeon | 100.0 | 100.0 |   N/A |   N/A | 100.0 |  45.0
               +-------+-------+-------+-------+-------+----------------------
